 Dungeon Crawl Stone Soup version 0.27.1-35-g4d5d836560 (webtiles) character file.

Game seed: 7000186229283369026

2 croobank the Firebug (level 1, -1/13 HPs)
             Began as a Demonspawn Fire Elementalist on June 19, 2022.
             Slain by a hobgoblin (4 damage)
             ... on level 1 of the Dungeon.
             The game lasted 00:01:41 (51 turns).

croobank the Firebug (Demonspawn Fire Elementalist)   Turns: 51, Time: 00:01:42

Health: -1/13      AC:  2    Str:  8    XL:     1   Next: 25%
Magic:  3/3        EV: 12    Int: 16    God:
Gold:   0          SH:  0    Dex: 13    Spells: 3/4 levels left

rFire    . . .     SeeInvis .   (no weapon)
rCold    . . .     Faith    .   (no shield)
rNeg     . . .     Spirit   .   a - +0 robe
rPois    .         Reflect  .   (no helmet)
rElec    .         Harm     .   (no cloak)
rCorr    .         Rampage  .   (no gloves)
Will     .....                  (no boots)
Stlth    ++........             (no amulet)
HPRegen  0.04/turn              (no ring)
MPRegen  0.08/turn              (no ring)

@: no status effects
A: no striking features
a: no special abilities


You were on level 1 of the Dungeon.
You visited 1 branch of the dungeon, and saw 1 of its levels.

Inventory:

Armour
 a - a +0 robe (worn)
Potions
 b - a potion of berserk rage {unknown}


   Skills:
 + Level 1.7 Dodging
 + Level 1.7 Stealth
 + Level 2.0 Spellcasting
 + Level 1.0 Conjurations
 + Level 2.8 Fire Magic


You had 3 spell levels left.
You knew the following spells:

 Your Spells              Type           Power      Damage    Failure   Level
a - Foxfire               Conj/Fire      28%        2x1d5     10%         1

Your spell library contained the following spells:

 Spells                   Type           Power      Damage    Failure   Level
 Conjure Flame            Conj/Fire      7%         6-21      28%         3
 Inner Flame              Hex/Fire       6%         N/A       34%         3
 Sticky Flame             Conj/Fire      7%         2d3       67%         4
 Fireball                 Conj/Fire      3%         3d4       95%         5


Dungeon Overview and Level Annotations

Branches:
Dungeon (1/15)

Altars:


Message History

You kill the bat!
A hobgoblin comes into view.
The hobgoblin shouts!
The rat bites you.
A rat comes into view.
You hit the rat but do no damage. The rat bites you but does no damage.
You hit the rat.
You kill the rat!
You hit the hobgoblin but do no damage.
The hobgoblin hits you but does no damage.
You closely miss the hobgoblin. The hobgoblin barely misses you.
You completely miss the hobgoblin. The hobgoblin barely misses you.
You closely miss the hobgoblin. The rat barely misses you.
The hobgoblin closely misses you.
You hit the hobgoblin but do no damage. The hobgoblin hits you.
The rat bites you.
You barely miss the hobgoblin. The rat closely misses you.
The hobgoblin barely misses you.
You hit the hobgoblin but do no damage. The rat bites you but does no damage.
The hobgoblin hits you.
You are too injured to fight recklessly!
You are too injured to fight recklessly!
You are too injured to fight recklessly!
You hit the rat.
The rat is heavily wounded.
The hobgoblin misses you. The rat barely misses you.
You hit the rat but do no damage.
The rat is heavily wounded.
The rat completely misses you.
The hobgoblin hits you but does no damage.
You closely miss the rat. The rat bites you. The hobgoblin misses you.
You hit the rat.
You kill the rat!
The hobgoblin barely misses you.
You hit the hobgoblin but do no damage. The hobgoblin hits you.
* * * LOW HITPOINT WARNING * * *
You hit the hobgoblin but do no damage. The hobgoblin closely misses you.
You barely miss the hobgoblin. The hobgoblin misses you.
You hit the hobgoblin but do no damage. The hobgoblin hits you.
You die...

... ##### ... #...## ###
.... #.#..## #.# .....
##.##..###.####.....
##...##..#...........
##.....#+......g......
###.......##....@..###
#'.........##......#
#...........##...[...#
.............#..........
.............#......###.
......<......#......#
.............#........
.............#........#
+...........###......##


You could see a hobgoblin.

Vanquished Creatures
  A bat (D:1)
  2 rats (D:1)
3 creatures vanquished.

Notes
Turn   | Place    | Note
-------+----------+-------------------------------------------
     0 | D:1      | croobank the Demonspawn Fire Elementalist began the quest
                  | for the Orb.
     0 | D:1      | Reached XP level 1. HP: 13/13 MP: 3/3
    51 | D:1      | Slain by a hobgoblin

Illustrated notes

Levels and vault maps discovered:
D:1:      lemuel_arrival_rhombus, layout_rooms

Action                   || total
-------------------------++-------
Melee: Unarmed           ||    23
Armor: Robe              ||    10
Dodge: Dodged            ||    18
